 Dungeon Crawl Stone Soup version 0.19.0-9-gfd783f2 (webtiles) character file.

196 tairseth the Ducker (level 5, -14/63 HPs)
             Began as a Merfolk Monk on Nov 8, 2016.
             Was a Believer of Trog.
             Demolished by Pikel
             ... wielding a +2 whip of electrocution
              (20 damage)
             ... on level 4 of the Dungeon.
             The game lasted 00:05:15 (2684 turns).

tairseth the Ducker (Merfolk Monk)                  Turns: 2684, Time: 00:05:16

Health: -14/63     AC:  4    Str: 17    XL:     5   Next: 75%
Magic:  14/14      EV: 16    Int:  9    God:    Trog [**....]
Gold:   102        SH:  0    Dex: 17    Spells: 0 memorised, 4 levels left

rFire  . . .     SeeInvis .     a - +0 falchion
rCold  . . .     Gourm    .     h - +0 leather armour
rNeg   . . .     Faith    .     (no shield)
rPois  .         Spirit   .     m - +0 helmet (curse)
rElec  .         Reflect  .     (no cloak)
rCorr  .         Harm     .     (no gloves)
MR     .....                    (no boots)
Stlth  ..........               (no amulet)
                                (no ring)
                                e - ring of magical power

@: berserking (expiring), very quick
A: change form in water, swift swim, stealthy swim
a: Berserk, Trog's Hand, Burn Spellbooks, Renounce Religion


You were on level 4 of the Dungeon.
You worshipped Trog.
Trog was pleased with you.
You were very hungry.

You visited 1 branch of the dungeon, and saw 4 of its levels.

You collected 102 gold pieces.

Inventory:

Hand Weapons
 a - a +0 falchion (weapon)
Armour
 b - a +0 robe
 h - a +0 leather armour (worn)
 m - a cursed +0 helmet (worn)
Jewellery
 e - a ring of magical power (left hand)
Scrolls
 d - a scroll of fog {unknown}
 i - a scroll of amnesia {unknown}
 j - a scroll of teleportation
 k - a scroll of enchant armour {unknown}
 l - 2 scrolls of identify {unknown}
 n - a scroll of remove curse
Comestibles
 c - 4 bread rations
 f - a slice of pizza
 o - a beef jerky


   Skills:
 + Level 3.8 Fighting
 + Level 4.4 Long Blades
 + Level 1.4 Armour
 * Level 6.2 Dodging
 - Level 2.1 Stealth


You had 4 spell levels left.
You didn't know any spells.

Dungeon Overview and Level Annotations

Branches:
Dungeon (4/15)
 Temple: D:4-7

Altars:
Ashenzari
Dithmenos
Makhleb
Trog
Vehumet

Annotations:
D:4 Pikel


Message History

The gnoll shouts!
You barely miss Pikel.
Pikel is severely wounded.
The gnoll moves out of view.
Pikel completely misses you.
You riposte.
You hit Pikel.
Pikel is severely wounded.
You closely miss Pikel.
Pikel is severely wounded.
Pikel hits you but does no damage.
You are electrocuted!
* * * LOW HITPOINT WARNING * * *
A frilled lizard comes into view.
The frilled lizard hisses angrily.
You hit Pikel.
Pikel is severely wounded.
You hit Pikel.
Pikel is almost dead.
Pikel hits you with a whip of electrocution.
* * * LOW HITPOINT WARNING * * *
You are electrocuted!
You die...

###
##########.#####.#
#<...............#
##########@####..
#K# #p#


#pg ppg. #.#l# #.... #.#.## ... . You could see Pikel, 4 slaves, 2 gnolls and a
frilled lizard.

Vanquished Creatures
  The ghost of Surael the Caller, an amateur HOSu of Hepliaklqana (D:3)
  Natasha (D:3)
  An adder zombie (D:2)
  A worm (D:2)
  3 dart slugs
  2 leopard geckos (D:1)
  4 orcs (D:3)
  A ball python (D:2)
  6 bats
  A bat skeleton (D:2)
  A giant cockroach (D:2)
  5 goblins
  8 hobgoblins
  15 jackals
  8 kobolds
  A quokka (D:2)
  5 frilled lizards
  A jackal skeleton (D:2)
  A quokka skeleton (D:2)
  6 rats
72 creatures vanquished.

Notes
Turn   | Place    | Note
-------+----------+-------------------------------------------
     0 | D:1      | tairseth the Merfolk Monk began the quest for the Orb.
     0 | D:1      | Reached XP level 1. HP: 18/18 MP: 1/1
   101 | D:1      | Reached XP level 2. HP: 21/24 MP: 2/2
   533 | D:1      | Reached XP level 3. HP: 29/29 MP: 3/3
   835 | D:2      | Found a bloodstained altar of Trog.
   840 | D:2      | Reached skill level 5 in Dodging
   841 | D:2      | Found a radiant altar of Vehumet.
   954 | D:2      | Became a worshipper of Trog the Wrathful
   954 | D:2      | Reached * piety under Trog
   954 | D:2      | Reached ** piety under Trog
  1050 | D:2      | Found a shattered altar of Ashenzari.
  1233 | D:2      | Reached XP level 4. HP: 32/35 MP: 4/4
  1879 | D:3      | Noticed Natasha
  1891 | D:3      | Killed Natasha
  1891 | D:3      | Reached skill level 1 in Armour
  2133 | D:3      | Found a bloodstained altar of Trog.
  2141 | D:3      | Found a burning altar of Makhleb.
  2142 | D:3      | Found a shadowy altar of Dithmenos.
  2252 | D:3      | Reached XP level 5. HP: 40/41 MP: 5/5
  2281 | D:3      | Noticed Surael's ghost (amateur HOSu)
  2292 | D:3      | Killed Surael's ghost
  2292 | D:3      | Reached skill level 6 in Dodging
  2667 | D:4      | Noticed a slave
  2668 | D:4      | Noticed Pikel
  2669 | D:4      | Noticed a slave
  2669 | D:4      | Noticed a slave
  2670 | D:4      | Noticed a slave
  2684 | D:4      | Demolished by Pikel

Skill      XL: |  1  2  3  4  5 |
---------------+----------------+-----
Dodging        | 5 6 |  6.2
Long Blades    | 4 |  4.4
Armour         | 1 |  1.4
Fighting       | |  3.8
Stealth        | |  2.1

Action                   |  1- 3 |  4- 6 || total
-------------------------+-------+-------++-------
Melee: Falchion          |   137 |   108 ||   245
Invok: Trog's Hand       |       |     2 ||     2
       Berserk           |       |     2 ||     2
  Use: Scroll            |     2 |     1 ||     3
       Potion            |     1 |     2 ||     3
 Stab: Sleeping          |     4 |     3 ||     7
  Eat: Chunk             |     1 |     6 ||     7
Armor: Robe              |    10 |       ||    10
       Leather armour    |    22 |    19 ||    41
Dodge: Dodged            |   126 |    85 ||   211
       Rpst.: Falchion   |    35 |    29 ||    64
